Map: Simulacrum LE

Players

liquidthermy (uThermal)

  • Race: Terran Terran
  • Spawn Location: 5:00

Lambo - Winner!

  • Race: Zerg Zerg
  • League: Master
  • Spawn Location: 11:00

Event: Shopify TSL 5

VOD

Have the link to the VOD?

Description

Time

  • Played on: May 16, 2020, 11:49 a.m.
  • Length: 12:41

All games in this series

Show
View Real Time Build Order
Export as new Build Order

liquidthermy Terran 

Build Orders: Liberator Opening, Reaper Expand 

Get SALT Encoding   

  12  0:01  SCV  
  13  0:13  SCV  
  14  0:17  Supply Depot  
  14  0:25  SCV  
  15  0:39  SCV  
  15  0:40  Barracks  
  16  0:43  Refinery  
  16  0:51  SCV  
  17  1:03  SCV  
  18  1:15  SCV  
  19  1:27  Reaper, Orbital Command  
  20  1:40  Command Center  
  20  1:49  Supply Depot  
  20  1:53  SCV  
  21  1:59  Marine  
  22  2:05  SCV  
  23  2:08  Factory  
  23  2:17  SCV  
  23  2:20  Barracks Reactor  
  24  2:29  SCV  
  25  2:41  SCV  
  25  2:42  Command Center  
  26  2:53  SCV, Orbital Command  
  27  3:01  Starport  
  27  3:05  SCV  
  27  3:07  Refinery  
  30  3:13  Hellion  
  30  3:17  SCV  
  30  3:19  SCV  
  32  3:22  Hellion  
  34  3:30  SCV  
  34  3:31  SCV  
  38  3:34  Hellion  
  38  3:38  Viking  
  40  3:42  SCV  
  40  3:43  SCV  
  40  3:44  Hellion  
  44  3:54  SCV, Orbital Command  
  44  3:55  SCV  
  46  3:59  Hellion  
  47  4:05  Hellion  
  47  4:06  SCV  
  47  4:07  SCV  
  47  4:08  Liberator  
  54  4:10  Barracks Tech Lab  
  54  4:17  Supply Depot  
  54  4:18  SCV  
  54  4:19  SCV  
  54  4:20  SCV  
  54  4:24  Hellion  
  59  4:26  Hellion  
  61  4:32  Supply Depot  
  61  4:35  Stimpack  
  61  4:38  SCV x3, Marine  
  65  4:51  SCV x2  
  65  4:52  Starport Reactor  
  67  4:54  SCV  
  67  4:55  Barracks x2  
  67  4:56  Marine  
  67  4:58  Factory Tech Lab  
  69  5:02  Engineering Bay  
  69  5:03  Engineering Bay  
  69  5:04  SCV  
  69  5:05  SCV, Refinery  
  69  5:06  Supply Depot  
  71  5:09  SCV  
  71  5:14  Marine  
  72  5:16  SCV  
  72  5:19  SCV  
  72  5:21  Barracks  
  75  5:22  Barracks  
  75  5:28  Siege Tank  
  78  5:29  Supply Depot, Refinery  
  78  5:30  SCV  
  78  5:32  Marine  
  78  5:33  SCV  
  81  5:37  Orbital Command  
  81  5:42  SCV  
  81  5:44  Marine x2  
  81  5:45  SCV  
  81  5:48  Starport Reactor  
  81  5:49  Marine  
  82  5:51  Terran Infantry Weapons Level 1, Terran Infantry Armor Level 1  
  82  5:52  Supply Depot, Marine  
  82  5:54  Marine  
  82  5:56  SCV  
  86  6:00  Siege Tank  
  86  6:02  SCV, Marine  
  86  6:03  SCV  
  92  6:04  Marine  
  92  6:11  Barracks Reactor, Supply Depot  
  93  6:12  Barracks Reactor  
  93  6:14  SCV x2, Marine  
  93  6:16  SCV  
  95  6:19  Marine  
  95  6:20  Marine  
  95  6:22  Marine  
  98  6:26  Medivac, Supply Depot  
  98  6:29  Marine  
  98  6:30  Supply Depot  
  101  6:33  Medivac, Siege Tank  
  101  6:35  Marine  
  101  6:37  Marine  
  108  6:43  Marine  
  108  6:47  Marine, Barracks x2  
  109  6:49  Marine  
  109  6:50  Combat Shield, Supply Depot  
  109  6:51  Marine, Barracks  
  109  6:53  Supply Depot, Marine  
  113  6:57  Marine x2  
  113  6:59  Armory  
  113  7:00  Marine x2  
  117  7:05  Marine x2, Siege Tank  
  117  7:08  Marine  
  122  7:12  Supply Depot  
  122  7:13  Supply Depot, Marine x2  
  122  7:14  Supply Depot  
  125  7:17  Medivac, Marine  
  125  7:18  Marine  
  125  7:19  Marine  
  125  7:22  Marine  
  131  7:23  Supply Depot  
  131  7:26  Marine  
  127  7:32  Marine x3  
  127  7:34  Marine  
  127  7:36  Marine  
  123  7:37  Marine x2  
  123  7:41  Marine  
  113  7:53  Marine x2  
  113  7:54  Marine  
  113  7:58  Marine x2  
  112  8:00  SCV x2  
  112  8:01  Terran Infantry Weapons Level 2  
  112  8:02  Terran Infantry Armor Level 2  
  110  8:10  Marine x2  
  110  8:12  Siege Tank  
  110  8:13  SCV  
  110  8:14  SCV  
  110  8:16  SCV  
  110  8:17  Marine x4  
  117  8:24  Marine x2  
  117  8:25  SCV, Marine  
  121  8:27  Medivac  
  121  8:30  Marine x2  
  125  8:37  Marine x2  
  125  8:38  Marine  
  125  8:39  Marine  
  129  8:42  Marine x3  
  129  8:44  SCV, Siege Tank  
  129  8:45  Marine x3  
  139  8:52  Marine  
  139  8:54  Medivac, Marine  
  139  8:55  Marine x3  
  141  8:57  Marine  
  141  8:58  Medivac  
  141  9:00  Marine  
  141  9:01  Marine  
  141  9:02  Marine  
  150  9:04  Marine  
  151  9:13  Marine x2  
  151  9:15  Marine  
  151  9:16  Siege Tank  
  150  9:17  Marine x2  
  150  9:22  Marine x6  
  154  9:26  Marine  
  154  9:31  Medivac, Marine x2  
  157  9:32  Marine  
  157  9:35  Marine x2  
  162  9:41  Medivac  
  164  9:46  Marine x3  
  164  9:48  Siege Tank  
  164  9:51  Command Center  
  170  9:54  Supply Depot  
  170  9:56  Marine  
  170  9:57  Supply Depot  
  170  9:58  Marine x2  
  173  10:16  Medivac x2, Marine x2, Supply Depot  
  173  10:17  Supply Depot  
  179  10:21  Marine  
  179  10:25  Siege Tank  
  179  10:26  Marine x2  
  179  10:27  Marine x2  
  187  10:29  Supply Depot  
  187  10:31  Sensor Tower  
  187  10:32  Marine x2  
  189  10:38  Marine  
  189  10:44  Marine x2  
  189  10:46  Medivac  
  189  10:49  Marine x2  
  195  10:50  Barracks Tech Lab x3  
  195  10:52  Supply Depot, Marine x3  
  195  10:55  Marine  
  197  10:57  Siege Tank  
  200  11:24  Marine x2  
  200  11:25  Marine  
  198  11:27  Marine  
  198  11:28  Marine x2  
  198  11:29  Marauder  
  150  11:45  Marine  
  150  11:46  Marine x9, Siege Tank  
  129  11:47  Marauder  
  129  11:51  Command Center, Marine  
  127  11:54  Liberator x2  
  133  12:03  Marine  
  133  12:04  Marine x3  
  133  12:05  Marauder x2  
  143  12:08  Marauder  
  143  12:09  Marauder, Marine  
  146  12:17  Marine  
Show
View Real Time Build Order
Export as new Build Order

Lambo Zerg - Winner!

Build Orders: Hatch First 

Get SALT Encoding   

  12  0:01  Drone  
  13  0:12  Overlord  
  13  0:16  Drone  
  14  0:30  Drone x2  
  16  0:48  Hatchery  
  15  0:52  Drone  
  15  0:55  Drone  
  17  0:58  Drone  
  18  1:10  Extractor  
  17  1:14  Spawning Pool  
  17  1:17  Drone  
  17  1:20  Drone  
  18  1:27  Drone  
  19  1:38  Drone  
  20  1:51  Overlord  
  20  2:00  Queen x2  
  25  2:01  Zergling x4  
  26  2:11  Drone x2  
  26  2:13  Metabolic Boost  
  28  2:22  Drone x2  
  30  2:31  Spore Crawler  
  30  2:33  Drone x2  
  31  2:44  Hatchery  
  31  2:49  Extractor  
  29  2:53  Pneumatized Carapace  
  29  2:54  Drone  
  29  2:58  Overlord  
  31  3:01  Drone  
  31  3:05  Drone  
  33  3:13  Queen  
  33  3:19  Drone x4  
  39  3:25  Drone x2  
  39  3:26  Overlord  
  41  3:34  Drone  
  41  3:38  Queen, Extractor  
  44  3:46  Drone x2  
  46  3:49  Drone x3  
  46  3:51  Queen  
  46  3:52  Baneling Nest  
  51  3:56  Overlord  
  51  3:58  Drone x2  
  53  4:04  Queen  
  53  4:05  Overlord  
  53  4:09  Overlord  
  55  4:11  Zergling x4  
  55  4:16  Overlord  
  57  4:18  Overlord  
  57  4:27  Drone x7  
  57  4:29  Drone  
  57  4:30  Drone  
  66  4:38  Zergling x2  
  67  4:42  Zergling x4  
  69  4:48  Drone x3  
  69  4:49  Drone  
  69  4:51  Spore Crawler  
  69  4:52  Lair, Spore Crawler x2  
  71  4:55  Drone, Extractor  
  71  4:56  Extractor  
  71  4:57  Overlord, Baneling Nest  
  71  4:59  Overlord  
  68  5:01  Drone  
  68  5:03  Zergling x2  
  68  5:05  Queen  
  72  5:07  Drone  
  72  5:10  Drone x2  
  77  5:14  Drone x2  
  77  5:17  Drone  
  77  5:18  Drone x3  
  81  5:24  Drone x4  
  81  5:25  Overlord  
  85  5:30  Evolution Chamber  
  85  5:31  Drone  
  85  5:35  Evolution Chamber  
  84  5:36  Overlord x2  
  84  5:41  Drone  
  85  5:44  Drone, Extractor  
  85  5:45  Extractor  
  85  5:46  Drone x2  
  85  5:49  Drone x2  
  88  5:52  Hatchery  
  88  5:55  Drone  
  88  5:59  Centrifical Hooks  
  88  6:00  Zerg Melee Weapons Level 1  
  88  6:02  Zergling x8  
  88  6:03  Zergling x2  
  94  6:08  Zergling x4  
  95  6:15  Hydralisk Den  
  95  6:17  Hatchery, Zergling x4  
  95  6:20  Baneling x3  
  95  6:22  Zergling x8  
  95  6:24  Zerg Ground Armor Level 1  
  99  6:28  Overlord  
  99  6:29  Zergling x8  
  103  6:34  Hatchery  
  103  6:37  Zergling x6  
  103  6:38  Zergling x2  
  106  6:42  Zergling x2  
  106  6:43  Zergling x2  
  106  6:44  Zergling x2  
  106  6:46  Muscular Augments  
  109  6:50  Zergling x2  
  109  6:52  Zergling x2  
  111  6:59  Zergling x2  
  111  7:00  Zergling x8, Baneling x3  
  111  7:01  Baneling x3  
  116  7:03  Zergling x6  
  119  7:10  Baneling x2  
  119  7:19  Zergling x8  
  119  7:22  Baneling x9  
  123  7:23  Zergling x4  
  120  7:30  Zergling x18  
  120  7:32  Zergling x4  
  128  7:37  Zergling x4  
  128  7:39  Zergling x2  
  128  7:41  Overlord  
  128  7:42  Baneling  
  126  7:51  Zergling x10  
  110  7:56  Zergling x2, Baneling x8  
  110  7:57  Zergling x4  
  108  7:58  Zergling x10  
  108  8:05  Drone x3  
  116  8:06  Grooved Spines  
  116  8:12  Drone x3  
  112  8:19  Drone  
  113  8:23  Hydralisk x3  
  113  8:24  Infestation Pit  
  113  8:26  Hydralisk x2  
  122  8:27  Zergling x16  
  122  8:29  Zerg Ground Armor Level 2, Zerg Melee Weapons Level 2  
  122  8:33  Zergling x2  
  122  8:34  Zergling x2  
  131  8:39  Zergling x4  
  130  8:43  Queen  
  130  8:46  Zergling x4  
  133  8:54  Hydralisk x2  
  135  8:56  Overlord  
  135  8:58  Hatchery  
  135  8:59  Overlord  
  135  9:01  Hive  
  134  9:03  Overlord, Extractor  
  134  9:09  Overlord  
  132  9:11  Drone x4  
  132  9:13  Zergling x2  
  132  9:15  Overlord  
  133  9:18  Zergling x6  
  133  9:19  Zergling x6  
  133  9:23  Drone x3  
  140  9:27  Zergling x18  
  140  9:29  Baneling x4  
  149  9:32  Zergling x2  
  149  9:37  Baneling x8  
  151  9:38  Zergling x6  
  151  9:42  Zergling x2  
  151  9:46  Baneling x16  
  151  9:48  Zergling x4  
  151  9:50  Zergling x2  
  151  9:51  Baneling x5  
  154  9:57  Zergling x12  
  154  9:58  Baneling x3  
  160  10:02  Overlord  
  160  10:07  Overlord  
  159  10:14  Adrenal Glands  
  159  10:15  Viper  
  159  10:16  Viper  
  159  10:17  Zergling x4  
  159  10:20  Hatchery  
  159  10:21  Zergling x10  
  170  10:26  Zergling x2  
  170  10:27  Zergling x8  
  174  10:32  Drone x2  
  174  10:34  Ultralisk Cavern  
  175  10:35  Extractor  
  175  10:39  Zergling x16  
  181  10:54  Hatchery  
  180  10:59  Zergling x16  
  180  11:00  Zergling x2  
  180  11:02  Zergling x2  
  191  11:10  Zergling x4  
  190  11:16  Zergling x2  
  191  11:23  Overlord  
  191  11:25  Zergling x12  
  191  11:28  Zergling x8  
  180  11:36  Zergling x16  
  180  11:39  Zergling x2  
  142  11:41  Hydralisk  
  142  11:45  Ultralisk x2  
  138  11:50  Ultralisk  
  138  11:51  Zergling x6  
  146  11:55  Zergling x6  
  149  12:01  Queen  
  149  12:02  Drone  
  149  12:03  Drone  
  149  12:05  Zergling x6  
  158  12:10  Baneling x12  
  158  12:11  Zergling x2  
  158  12:12  Baneling x2  
  158  12:13  Zergling x2  
  160  12:16  Baneling  
  160  12:17  Zergling x6, Baneling x2  
  160  12:22  Zergling x8  
Tags
 
Add a new tag
Caveats
  • Supply blocks, unpowered buildings, or Contaminate may cause inaccurate times.
  • Supply counts are checked every 10 seconds.